 Dungeon Crawl Stone Soup version 0.14.0-12-g87ee3b7 (webtiles) character file.

523 4tharraofdagon the Chopper (level 6, -1/55 HPs)
             Began as a Minotaur Gladiator on Apr 15, 2014.
             Was an Initiate of Cheibriados.
             Slain by an orc
             ... wielding a +2,+2 war axe
              (3 damage)
             ... on Level 4 of the Dungeon.
             The game lasted 00:06:49 (953 turns).

4tharraofdagon the Chopper (Minotaur Gladiator)      Turns: 953, Time: 00:06:50

HP  -1/55        AC 10     Str 21      XL: 6   Next: 96%
MP   4/4         EV  7     Int  7      God: Cheibriados [......]
Gold 18          SH  0     Dex 12      Spells:  0 memorised,  5 levels left

rFire  . . .     SeeInvis .     a - +0 war axe
rCold  . . .     Clarity  .     k - +1 chain mail
rNeg   . . .     Conserve .     (no shield)
rPois  .         rCorr    .     c - +0 hat
rElec  .         rRot     .     (no cloak)
SustAb . .       Spirit   .     (no gloves)
rMut   .         Warding  .     (no boots)
Saprov . . .     Stasis   .     (no amulet)
MR     .....                    (no ring)
                                y - ring of sustenance {unknown}

@: very slow, not resistant to hostile enchantments, extremely unstealthy
A: retaliatory headbutt, horns 2
a: Bend Time, Renounce Religion


You were on level 4 of the Dungeon.
You worshipped Cheibriados.
Cheibriados was noncommittal.
You were not hungry.

You visited 2 branches of the dungeon, and saw 6 of its levels.

You collected 84 gold pieces.
You spent 66 gold pieces at shops.

Inventory:

Hand weapons
 a - a +0,+0 war axe (weapon)
Missiles
 j - 18 darts (quivered)
Armour
 b - a +0 leather armour
 c - a +0 hat (worn)
 k - a +1 chain mail (worn)
Magical devices
 B - a wand of magic darts (3)
Comestibles
 f - 3 bread rations
 g - 2 meat rations
 h - an apple
 A - 2 chunks of worker ant flesh
Scrolls
 e - 2 scrolls of random uselessness
 i - a scroll of remove curse {unknown}
 o - 3 scrolls of amnesia {unknown}
 p - a scroll of blinking
 q - 2 scrolls of fog
 r - a scroll of teleportation {unknown}
 s - 3 scrolls of recharging {unknown}
 v - a scroll of magic mapping {unknown}
 z - a scroll of noise
Jewellery
 l - an uncursed amulet of inaccuracy {unknown}
 x - an uncursed ring of fire
 y - a ring of sustenance (left hand) {unknown}
Potions
 m - a potion of brilliance
 n - a potion of curing
 t - a potion of haste
 u - a potion of paralysis
 w - a potion of poison


   Skills:
 + Level 4.8 Fighting
 * Level 7.2 Axes
 - Level 2.0 Throwing
 + Level 3.9 Armour
 - Level 3.2 Dodging
 + Level 1.1 Invocations


You had 5 spell levels left.
You didn't know any spells.

Dungeon Overview and Level Annotations

Branches:
Dungeon (5/15)             Temple (1/1) D:4

Altars:
Cheibriados
Elyvilon
Kikubaaqudgha
Nemelex Xobeh
Okawaru
Sif Muna
Trog
Vehumet
Zin

Shops:
D:5 ?%

Annotations:
D:4 Edmund


Innate Abilities, Weirdness & Mutations

You reflexively headbutt those who attack you in melee.
You have a pair of horns on your head.


Message History

Unknown command.
You closely miss Edmund.
Edmund is almost dead.
Edmund says, "People think my brother is the best.
I think he's crazy."
Edmund barely misses you. The orc hits you with a war axe.
* * * LOW HITPOINT WARNING * * *
Unknown command.
You closely miss Edmund.
Edmund is almost dead.
The orc wizard mumbles some strange words.
The orc wizard blinks!
Edmund hits you but does no damage.
Unknown command.
Unknown command.
Drink which item? (? for menu, Esc to quit)
You feel better.
The orc wizard points at you and mumbles some strange words.
The magic dart hits you!
* * * LOW HITPOINT WARNING * * *
The orc hits you with a war axe.
You die...

##############################
............. ................
>.......... ................
.....>....#####...######.......
..........>..@.o...............
######..######@#######.........
#.. #o# #.<....... #.. #ยง#
#......... #.. #o# #.........
########..# #o# #.......<.
........o.######.#######%........
.................................
........................########.
........................# #.


You could see Edmund, an orc wizard and 3 orcs.

Vanquished Creatures
  Grinder (D:4)
  An ice beast (D:5)
  A hound (D:4)
  A worker ant (D:5)
  4 adders
  7 gnolls
  A giant gecko (D:4)
  An orc (D:4)
  7 bats
  A giant cockroach (D:1)
  4 goblins
  3 hobgoblins
  5 jackals
  3 giant newts
  3 kobolds
  2 rats
45 creatures vanquished.

Notes
Turn   | Place    | Note
--------------------------------------------------------------
     0 | D:1      | 4tharraofdagon, the Minotaur Gladiator, began the quest for the Orb.
     0 | D:1      | Reached XP level 1. HP: 18/18 MP: 1/1
    61 | D:1      | Reached skill level 4 in Axes
   107 | D:1      | Reached XP level 2. HP: 15/25 MP: 1/1
   221 | D:2      | Reached XP level 3. HP: 18/30 MP: 2/2
   270 | D:2      | Reached skill level 1 in Armour
   335 | D:3      | Reached skill level 5 in Axes
   337 | D:3      | Reached XP level 4. HP: 19/38 MP: 2/2
   462 | D:4      | Found a bloodstained altar of Trog.
   546 | D:4      | Found a staircase to the Ecumenical Temple.
   554 | Temple   | Entered the Ecumenical Temple
   601 | Temple   | Became a worshipper of Cheibriados the Contemplative
   651 | D:4      | Noticed Grinder
   661 | D:4      | Paralysed by Grinder for 3 turns
   684 | D:4      | Reached XP level 5. HP: 25/46 MP: 2/2
   693 | D:4      | Paralysed by Grinder for 2 turns
   704 | D:4      | Killed Grinder
   704 | D:4      | Reached skill level 6 in Axes
   704 | D:4      | Reached XP level 6. HP: 14/53 MP: 3/3
   809 | D:5      | Entered Level 5 of the Dungeon
   810 | D:5      | Found Mnogh's Food Shoppe.
   817 | D:5      | Found Twiadour's Magic Scroll Shop.
   830 | D:5      | Bought a scroll of identify for 22 gold pieces
   830 | D:5      | Bought a scroll of noise for 11 gold pieces
   831 | D:5      | Bought a scroll of fog for 22 gold pieces
   831 | D:5      | Bought a scroll of random uselessness for 11 gold pieces
   882 | D:5      | Reached skill level 7 in Axes
   882 | D:5      | Reached skill level 1 in Invocations
   928 | D:4      | Noticed Edmund
   953 | D:4      | HP: 2/55 [orc wizard/magic dart (8)]
   953 | D:4      | Slain by an orc

Action                   |  1- 3 |  4- 6 || total
-------------------------+-------+-------++-------
Melee: War axe           |    48 |    70 ||   118
Throw: Throwing net      |     2 |    11 ||    13
Evoke: Wand              |       |     1 ||     1
  Use: Potion            |       |     4 ||     4
       Scroll            |       |     3 ||     3
 Stab: Held in net/web   |     1 |     3 ||     4
